 Dungeon Crawl Stone Soup version 0.31-a0-263-ge8cad7f256 (webtiles) character file.

Game seed: 15683642620906691535

202 qw the Shooter (level 5, -9/45 HPs)
             Began as a Minotaur Hexslinger on July 13, 2023.
             Mangled by an iguana (11 damage)
             ... on level 5 of the Dungeon.
             The game lasted 00:00:56 (2171 turns).

qw the Shooter (Minotaur Hexslinger)                Turns: 2171, Time: 00:00:56

Health: -9/45      AC:  4    Str:  9 (12) XL:     5   Next: 50%
Magic:  5/5        EV: 11    Int:  7 (10) God:
Gold:   126        SH:  0    Dex: 13 (15) Spells: 5/6 levels left

rFire   . . .        Y - +1 sling
rCold   . . .        (no shield)
rNeg    . . .        b - +0 leather armour
rPois   .            (helmet restricted)
rElec   .            d - +0 cloak
rCorr   .            (no gloves)
SInv    .            (no boots)
Will    .....        (no amulet)
Stlth   +            (no ring)
HPRegen 0.27/turn    (no ring)
MPRegen 0.09/turn

%: no passive effects
@: no status effects
A: horns 2, retaliatory headbutt
a: no special abilities


You were on level 5 of the Dungeon.
You visited 1 branch of the dungeon, and saw 4 of its levels.

You collected 126 gold pieces.


Innate Abilities, Weirdness & Mutations

You have a pair of horns on your head.
You reflexively headbutt those who attack you in melee.


   Skills:
 - Level 3.4 Fighting
 + Level 5.6 Ranged Weapons
 - Level 2.1 Dodging
 - Level 1.0 Spellcasting
 - Level 2.0 Hexes


You had 5 spell levels left.
You knew the following spells:

 Your Spells              Type           Power      Damage    Failure   Level
a - Slow                  Hex            12%        N/A       26%         1

Your spell library contained the following spells:

 Spells                   Type           Power      Damage    Failure   Level
 Inner Flame              Hex/Fire       1%         N/A       75%         3
 Portal Projectile        Hex/Tloc       2%         N/A       75%         3
 Cause Fear               Hex            1%         N/A       95%         4

Inventory:

Hand Weapons
 Y - a +1 sling (weapon)
Armour
 b - a +0 leather armour (worn)
 d - a +0 cloak (worn)
Scrolls
 f - a scroll of identify
Potions
 a - a potion of might
 e - a potion of curing
 i - a potion of haste

Dungeon Overview and Level Annotations

Branches:
Dungeon (5/15)
 Temple: D:4-7

Altars:
Kikubaaqudgha

Shops:
D:1 :

Annotations:
D:5 Eustachio


Message History

The sling bullet barely misses the iguana.
The sling bullet completely misses the gnoll.
The gnoll sergeant closely misses you. The iguana barely misses you.
You shoot a sling bullet.
The sling bullet hits the iguana but does no damage.
The gnoll sergeant hits you from afar with a +0 trident!
A gnoll comes into view. It is wielding a +0 club.
A gnoll comes into view. It is wielding a +0 whip.
The iguana bites you!
You shoot a sling bullet.
The sling bullet barely misses the iguana.
The sling bullet hits the gnoll!
The gnoll is severely wounded.
The gnoll sergeant misses you. The iguana barely misses you.
You furiously retaliate!
You headbutt the iguana.
Eustachio the Magnificent comes into view.
He is wielding a +2 rapier of electrocution.
You shoot a sling bullet.
The sling bullet hits the iguana but does no damage.
The iguana is lightly wounded.
The gnoll sergeant hits you from afar with a +0 trident!
Eustachio casts a spell.
Eustachio blinks!
The iguana barely misses you. You furiously retaliate!
You headbutt the iguana. You shoot a sling bullet.
The sling bullet closely misses the iguana.
The sling bullet hits the gnoll.
The gnoll is almost dead.
A gnoll comes into view. It is wielding a +0 spear.
The gnoll sergeant closely misses you.
Eustachio screams, "Hey, you killed my favourite bat!"
The iguana bites you.
You shoot a sling bullet.
The sling bullet hits the iguana but does no damage.
The iguana is moderately wounded.
You hear a shout!
The gnoll sergeant misses you. The iguana barely misses you.
A gnoll comes into view. It is wielding a +0 spear.
An ufetubus comes into view.
The iguana bites you!
You die... .. ...#. .. ......... .### .......l. .#.# ...g#..!# gg.

..# ...5g...###g#
....
............#.....
.........l@.g.....
.........g...#....
.......!....>@.../
....
#............#<.#
....###.......###..#
## #....#.........#
#....
##...#..#####.##
.... #.......# #.###
....) #......#
###...#......


You could see Eustachio, a gnoll sergeant, an iguana, 6 gnolls and an ufetubus.

Vanquished Creatures
  2 hounds (D:5)
  An iguana (D:5)
  Natasha (D:1)
  Robin (D:2)
  An adder (D:2)
  A white imp (D:5)
  3 dart slugs
  An orc (D:5)
  5 endoplasms
  9 goblins
  9 hobgoblins
  2 kobolds
  3 quokkas
  6 ball pythons
  4 bats
  2 frilled lizards
  8 rats
59 creatures vanquished.

Notes
Turn   | Place    | Note
-------+----------+-------------------------------------------
     0 | D:1      | qw the Minotaur Hexslinger began the quest for the Orb.
     0 | D:1      | Reached XP level 1. HP: 16/16 MP: 1/1
     0 | D:1      | 0 ||| qw: Version: 0.3-a-52-g30416fa
     0 | D:1      | 0 ||| qw: Game counter: 7289
     0 | D:1      | 0 ||| qw: Melee chars always use a shield: true
     0 | D:1      | 0 ||| qw: God list: Okawaru
     0 | D:1      | 0 ||| qw: Allow faded altars: false
     0 | D:1      | 0 ||| qw: Do Orc after clearing Dungeon:15 true
     0 | D:1      | 0 ||| qw: Do second Lair branch before Depths: true
     0 | D:1      | 0 ||| qw: Lair rune preference: random
     0 | D:1      | 0 ||| qw: Goals: Normal
     0 | D:1      | 0 ||| PLANNING D:1-11
    81 | D:1      | Found Xitystam's Vocational Training.
   119 | D:1      | Reached skill level 3 in Ranged Weapons
   126 | D:1      | Reached XP level 2. HP: 23/23 MP: 2/2
   541 | D:1      | 541 ||| READING 4 scrolls labelled GEHASCH DIER.
   542 | D:1      | 542 ||| READING 2 scrolls labelled LUDEWA SULUU.
   543 | D:1      | 543 ||| READING scroll labelled KUNASAECAA.
   544 | D:1      | 544 ||| READING scroll labelled QAQUOH NIDGH.
   545 | D:1      | 545 ||| READING scroll labelled KEHAIM FEDEO.
   546 | D:1      | 546 ||| READING scroll labelled HESIAXKIAT.
   547 | D:1      | 547 ||| DROPPING 3 scrolls of immolation.
   548 | D:1      | 548 ||| DROPPING scroll of poison.
   549 | D:1      | 549 ||| DROPPING scroll of vulnerability.
   794 | D:2      | Found an ancient bone altar of Kikubaaqudgha.
   847 | D:2      | Reached XP level 3. HP: 29/29 MP: 3/3
   988 | D:2      | Noticed Natasha
   989 | D:2      | 989 ||| FLEEEEING.
   990 | D:2      | 990 ||| FLEEEEING.
   991 | D:2      | 991 ||| FLEEEEING.
   992 | D:2      | 992 ||| FLEEEEING.
   993 | D:2      | 993 ||| FLEEEEING.
   996 | D:2      | 996 ||| FLEEEEING.
   998 | D:2      | 998 ||| STAIRDANCE
  1010 | D:1      | 1010 ||| UPGRADING to +0 leather armour.
  1020 | D:1      | 1020 ||| DROPPING +0 robe.
  1021 | D:1      | 1021 ||| UPGRADING to +0 cloak.
  1026 | D:1      | 1026 ||| DRINKING 2 fizzy blue potions.
  1027 | D:1      | 1027 ||| DRINKING 2 murky green potions.
  1032 | D:2      | 1032 ||| STAIRDANCE
  1087 | D:2      | 1087 ||| STAIRDANCE
  1090 | D:1      | Killed Natasha
  1091 | D:1      | Reached skill level 4 in Ranged Weapons
  1305 | D:2      | Reached XP level 4. HP: 36/36 MP: 4/4
  1497 | D:2      | Noticed Robin
  1505 | D:2      | Killed Robin
  1508 | D:2      | 1508 ||| FLEEEEING.
  1555 | D:2      | Reached skill level 5 in Ranged Weapons
  1671 | D:2      | 1671 ||| DRINKING 2 glowing grey potions.
  1923 | D:3      | You fall into a shaft and drop 2 floors!
  1923 | D:5      | Entered Level 5 of the Dungeon
  1973 | D:5      | Reached skill level 3 in Fighting
  1973 | D:5      | Reached XP level 5. HP: 41/45 MP: 5/5
  1982 | D:5      | HP: 5/45 [iguana (8)]
  1999 | D:5      | HP: 7/45 [hound (3)]
  2157 | D:5      | 2157 ||| READING scroll labelled HONAFU QIXKUMIKUIG.
  2158 | D:5      | 2158 ||| READING scroll labelled COMIEH REYHO.
  2159 | D:5      | 2159 ||| DRINKING 2 bubbling puce potions.
  2160 | D:5      | 2160 ||| DROPPING potion of degeneration.
  2162 | D:5      | 2162 ||| FLEEEEING.
  2163 | D:5      | 2163 ||| FLEEEEING.
  2168 | D:5      | Noticed Eustachio
  2169 | D:5      | HP: 3/45 [gnoll sergeant/+0 trident (11)]
  2171 | D:5      | Mangled by an iguana

Levels and vault maps discovered:
D:1:      lemuel_arrival_room, layout_basic, nicolae_shop_vocational
D:2:      layout_basic, basic_altar, uniq_robin, uniq_natasha
D:3:      layout_rooms, kennysheep_generic_room_15
D:5:      layout_cave_pools, minmay_temple_entry_nine_rooms, serial_shops, shop,
          minmay_misc_feat_five, kennysheep_nub, uniq_eustachio

Skill      XL: |  1  2  3  4 |
---------------+-------------+-----
Ranged Weapons | 3 4 5 |  5.6
Fighting       | 2 3 |  3.4
Dodging        | |  2.1
Spellcasting   | |  1.0
Hexes          | |  2.0

Action                     |  1- 3 |  4- 6 || total
---------------------------+-------+-------++-------
   Fire: Sling             |    89 |   109 ||   198
    Use: Scroll            |     6 |     2 ||     8
         Potion            |     2 |     2 ||     4
 Armour: Robe              |     3 |       ||     3
         Leather armour    |     1 |     9 ||    10
  Dodge: Dodged            |    34 |    37 ||    71

Table legend:
 A = Non-vault XP
 B = Vault XP
 C = Vault XP percentage of total XP
 D = Non-vault monster count
 E = Vault monster count
 F = Vault count percentage of total count
                 A         B        C        D         E       F
            +---------+---------+-------+---------+---------+-------
      Total |     217 |      72 |  24.9 |      46 |      13 |  22.0
            +---------+---------+-------+---------+---------+-------
        D:1 |      27 |      35 |  56.5 |      14 |       1 |   6.7
        D:2 |      43 |      37 |  46.2 |      20 |      12 |  37.5
        D:3 |      12 |       0 |   0.0 |       7 |       0 |   0.0
        D:5 |     135 |       0 |   0.0 |       5 |       0 |   0.0
            +---------+---------+-------+---------+---------+-------
